 Dungeon Crawl Stone Soup version 0.30-a0-862-g1aabd4f9c5 (webtiles) character file.

Game seed: 1830442020322833682

1222 Maxmaps the Ducker (level 8, 0/100 HPs)
             Began as a Gnoll Monk on Mar 10, 2023.
             Slain by a hornet (3 damage)
             ... on level 8 of the Dungeon.
             The game lasted 00:06:04 (5023 turns).

Maxmaps the Ducker (Gnoll Monk)                     Turns: 5023, Time: 00:06:04

Health: 0/100      AC: 24    Str: 10    XL:     8   Next: 47%
Magic:  13/13      EV:  2    Int: 13    God:
Gold:   310        SH:  0    Dex: 14    Spells: 13/13 levels left

rFire   . . .      SeeInvis .    n - +1 spear (chaos)
rCold   . . .      Faith    .    (no shield)
rNeg    . . .      Spirit   .    e - melded +0 chain mail
rPois   +          Reflect  .    m - melded +0 helmet {Int+3}
rElec   .          Rampage  .    r - melded +0 cloak
rCorr   .          NoTele   +    (gloves currently unavailable)
Will    .....                    h - melded +0 pair of boots
Stlth   +++                      (no amulet)
HPRegen 0.36/turn                (no ring)
MPRegen 0.13/turn                (no ring)

@: tree-form
A: stationary, stasis, torment immunity, boosted hp, (fangs 1), strong nose,
distributed training
a: no special abilities


You were on level 8 of the Dungeon.
You were a tree.
You visited 1 branch of the dungeon, and saw 6 of its levels.

You collected 310 gold pieces.

Inventory:

Hand Weapons
 n - a +1 spear of chaos (weapon)
Armour
 e - a +0 chain mail (melded)
 h - a +0 pair of boots (melded)
 m - a +0 helmet of intelligence (melded)
 r - a +0 cloak (melded)
Wands
 a - a wand of polymorph (6)
Scrolls
 d - a scroll of identify
 f - a scroll of brand weapon
 i - 2 scrolls of fear
 o - a scroll of teleportation {unknown}
 p - a scroll of immolation {unknown}
 s - a scroll of enchant weapon {unknown}
 t - a scroll of amnesia {unknown}
Potions
 b - a potion of berserk rage
 c - a potion of ambrosia
 g - a potion of flight
 j - a potion of invisibility
 k - a potion of might {unknown}
 l - a potion of degeneration


   Skills:
 + Level 7.4 Fighting
 + Level 3.4 Short Blades
 + Level 7.4 Long Blades
 + Level 3.4 Axes
 + Level 3.4 Maces & Flails
 + Level 3.4 Polearms
 + Level 3.4 Staves
 + Level 3.4 Ranged Weapons
 + Level 3.4 Throwing
 + Level 3.4 Armour
 + Level 7.4 Dodging
 + Level 5.4 Stealth
 + Level 3.4 Shields
 + Level 3.4 Unarmed Combat
 + Level 3.4 Spellcasting
 + Level 2.8 Conjurations
 + Level 2.8 Hexes
 + Level 2.8 Summonings
 + Level 2.8 Necromancy
 + Level 2.8 Translocations
 + Level 2.8 Transmutations
 + Level 2.8 Fire Magic
 + Level 2.8 Ice Magic
 + Level 2.8 Air Magic
 + Level 2.8 Earth Magic
 + Level 2.8 Poison Magic
 + Level 3.8 Invocations
 + Level 3.4 Evocations


You had 13 spell levels left.
You didn't know any spells.
Your spell library contained the following spells:

 Spells                   Type           Power      Damage    Failure   Level
 Kiss of Death            Conj/Necr      36%        2d8       7%          1
 Slow                     Hex            36%        N/A       7%          1
 Cigotuvi's Dreadful Rot  Necr/Pois/Air  18%        N/A       11%         2
 Poisonous Vapours        Pois/Air       18%        N/A       11%         2
 Sublimation of Blood     Necr           9%         N/A       11%         2
 Wereblood                Tmut           9%         N/A       11%         2
 Confusing Touch          Hex            9%         N/A       21%         3
 Mephitic Cloud           Conj/Pois/Air  9%         N/A       21%         3
 Vampiric Draining        Necr           9%         2d6       21%         3
 Dispel Undead            Necr           9%         3d8       56%         4
 Summon Hydra             Summ           4%         N/A       100%        7


Dungeon Overview and Level Annotations

Branches:
Dungeon (5/15)
 Temple: D:4-7

Altars:
Dithmenos

Shops:
D:3 !!:*   D:4 ([(=


Innate Abilities, Weirdness & Mutations

You are a tree.
Your roots penetrate the ground, keeping you stationary.
You cannot be teleported.
You are immune to unholy pain and torment.
Your maximum health is greatly increased.
Your equipment is partially melded.
((You have very sharp teeth.))
Your uncanny sense of smell can sniff out nearby items.
Your experience applies equally to all skills.


Message History

The steam dragon claws you but does no damage.
You hit the steam dragon. You freeze the steam dragon.
The steam dragon is almost dead.
You are engulfed in a cloud of scalding steam.
The hornet stings you but does no damage.
The steam dragon bites you.
* * * LOW HITPOINT WARNING * * *
The steam dragon claws you.
* * * LOW HITPOINT WARNING * * *
The gnoll hits you but does no damage.
The hornet stings you but does no damage.
The steam dragon bites you but does no damage.
The steam dragon barely misses you.
You hit the steam dragon but do no damage.
Nothing appears to happen.
The steam dragon is almost dead.
The steam dragon looks more healthy.
A gnoll bouda comes into view. It is wielding a +0 whip.
The hornet is engulfed in a cloud of scalding steam.
The hornet stings you but does no damage.
The steam dragon bites you but does no damage.
The steam dragon claws you but does no damage.
You hit the steam dragon but do no damage.
The steam dragon is almost dead.
You are engulfed in a cloud of scalding steam.
The hornet stings you but does no damage.
The steam dragon bites you but does no damage.
The steam dragon claws you but does no damage.
The hornet stings you!
* * * LOW HITPOINT WARNING * * *
You hit the steam dragon but do no damage.
The steam dragon is almost dead.
The steam dragon blinks!
The gnoll hits you but does no damage. The hornet stings you!
* * * LOW HITPOINT WARNING * * *
Unknown command.
You hit the gnoll.
The gnoll is lightly wounded.
The hornet stings you.
You die...

#....#.......#....
#....'.......#.....
#...################
#...##..########...#
#..............$...#
#..................#
#..................#
#...##....##.ygg.g.'
#...##....##♣g.#
#.........##...#
#.........###..#
#..............#
#...........§..#
#..............#
#...########..##
#...#......####
#...#......#


You could see a hornet, a gnoll bouda and 3 gnolls.

Vanquished Creatures
  Grinder (D:5)
  Sigmund (D:4)
  A black bear (D:4)
  A centaur (D:5)
  2 phantoms
  A jelly (D:5)
  2 orc priests (D:5)
  A hound (D:4)
  A sleepcap (D:4)
  An iguana (D:4)
  Natasha (thrice) (D:2)
  6 orc wizards
  Robin (D:3)
  3 gnolls (D:3)
  3 adders
  2 worms
  2 dart slugs
  9 orcs
  5 ball pythons
  3 bats
  7 endoplasms
  3 giant cockroaches
  5 hobgoblins
  4 jackals (D:2)
  2 frilled lizards (D:3)
  13 goblins
  3 kobolds
  4 rats
90 creatures vanquished.

Vanquished Creatures (collateral kills)
  An orc (D:5)
1 creature vanquished.

Grand Total: 91 creatures vanquished

Notes
Turn   | Place    | Note
-------+----------+-------------------------------------------
     0 | D:1      | Maxmaps the Gnoll Monk began the quest for the Orb.
     0 | D:1      | Reached XP level 1. HP: 23/23 MP: 1/1
   151 | D:1      | Reached XP level 2. HP: 20/29 MP: 2/2
   502 | D:2      | Reached XP level 3. HP: 31/35 MP: 2/4
   636 | D:2      | Reached skill level 1 in Invocations
   896 | D:2      | Noticed Natasha
   903 | D:2      | Killed Natasha
   904 | D:2      | Reached skill level 1 in Short Blades
   904 | D:2      | Reached skill level 1 in Axes
   904 | D:2      | Reached skill level 1 in Maces & Flails
   904 | D:2      | Reached skill level 1 in Polearms
   904 | D:2      | Reached skill level 1 in Staves
   904 | D:2      | Reached skill level 1 in Ranged Weapons
   904 | D:2      | Reached skill level 1 in Throwing
   904 | D:2      | Reached skill level 1 in Armour
   904 | D:2      | Reached skill level 1 in Shields
   904 | D:2      | Reached skill level 1 in Unarmed Combat
   904 | D:2      | Reached skill level 1 in Spellcasting
   904 | D:2      | Reached skill level 1 in Evocations
   904 | D:2      | Reached XP level 4. HP: 34/41 MP: 5/5
   954 | D:2      | Found a faded altar of an unknown god.
   990 | D:2      | Noticed Natasha
  1002 | D:2      | Killed Natasha
  1002 | D:2      | Noticed Natasha
  1003 | D:2      | Reached skill level 1 in Conjurations
  1003 | D:2      | Reached skill level 1 in Hexes
  1003 | D:2      | Reached skill level 1 in Summonings
  1003 | D:2      | Reached skill level 1 in Necromancy
  1003 | D:2      | Reached skill level 1 in Translocations
  1003 | D:2      | Reached skill level 1 in Transmutations
  1003 | D:2      | Reached skill level 1 in Fire Magic
  1003 | D:2      | Reached skill level 1 in Ice Magic
  1003 | D:2      | Reached skill level 1 in Air Magic
  1003 | D:2      | Reached skill level 1 in Earth Magic
  1003 | D:2      | Reached skill level 1 in Poison Magic
  1015 | D:2      | Killed Natasha
  1016 | D:2      | Reached XP level 5. HP: 23/47 MP: 5/7
  1206 | D:3      | Noticed Robin
  1371 | D:3      | Killed Robin
  1575 | D:3      | Found Sisum's Assorted Antiques.
  1742 | D:3      | Found Toolig's Distillery.
  2067 | D:3      | Found Imootegg's Distillery.
  2173 | D:3      | Found Plog's Book Emporium.
  2525 | D:4      | Found Gagurhupp's Weapon Boutique.
  2597 | D:4      | Found Zirch's Antique Armour Emporium.
  2611 | D:4      | Noticed Sigmund
  2620 | D:4      | Killed Sigmund
  2621 | D:4      | Reached XP level 6. HP: 42/53 MP: 7/9
  3037 | D:4      | Found Arel's Jewellery Shop.
  3058 | D:4      | Reached XP level 7. HP: 49/60 MP: 10/10
  3399 | D:4      | Reached skill level 5 in Stealth
  3560 | D:4      | Found Nuofaokh's Weapon Boutique.
  3872 | D:5      | Entered Level 5 of the Dungeon
  4133 | D:5      | Noticed Grinder
  4134 | D:5      | Paralysed by Grinder for 5 turns
  4160 | D:5      | Paralysed by something for 4 turns
  4172 | D:5      | Killed Grinder
  4173 | D:5      | Reached XP level 8. HP: 27/67 MP: 12/12
  4331 | D:5      | Found a shadowy altar of Dithmenos.
  4841 | D:5      | You fall into a shaft and drop 3 floors!
  5013 | D:8      | Noticed a hornet
  5022 | D:8      | HP: 3/100 [hornet (12)]
  5023 | D:8      | Slain by a hornet

Illustrated notes

Levels and vault maps discovered:
D:1:      dpeg_arrival_shelter, layout_rooms, minmay_distorted
D:2:      layout_rooms, shapermc_ecumenical_altar_hornbeckon, uniq_natasha
D:3:      layout_loops_ring, serial_shops, nicolae_shop_window_shopping,
          nicolae_shop_hallway_stairs, nicolae_lakefront_shop,
          nicolae_shop_advertising_works [nicolae_subvault_shop_adworks],
          kennysheep_cluttered_room, supply_closet_lemuel, uniq_robin
D:4:      layout_loops_corners, serial_shops, kennysheep_mini_moat,
          nicolae_stop_n_shop_1, nicolae_shop_stone,
          nicolae_shop_hallway_stairs, uniq_sigmund
D:5:      layout_basic, overflow_temple_1_default, minitemple, kennysheep_dice,
          uniq_grinder, uniq_duvessa
D:8:      cheibrodos_histonic, layout_gridville, minmay_misc_feat_tower

Skill      XL: |  1  2  3  4  5  6  7 |
---------------+----------------------+-----
Invocations    | 1 2 3 |  3.8
Short Blades   | 1 2 3 |  3.4
Axes           | 1 2 3 |  3.4
Maces & Flails | 1 2 3 |  3.4
Polearms       | 1 2 3 |  3.4
Staves         | 1 2 3 |  3.4
Ranged Weapons | 1 2 3 |  3.4
Throwing       | 1 2 3 |  3.4
Armour         | 1 2 3 |  3.4
Shields        | 1 2 3 |  3.4
Unarmed Combat | 1 2 3 |  3.4
Spellcasting   | 1 2 3 |  3.4
Evocations     | 1 2 3 |  3.4
Conjurations   | 1 2 |  2.8
Hexes          | 1 2 |  2.8
Summonings     | 1 2 |  2.8
Necromancy     | 1 2 |  2.8
Translocations | 1 2 |  2.8
Transmutations | 1 2 |  2.8
Fire Magic     | 1 2 |  2.8
Ice Magic      | 1 2 |  2.8
Air Magic      | 1 2 |  2.8
Earth Magic    | 1 2 |  2.8
Poison Magic   | 1 2 |  2.8
Fighting       | 7 |  7.4
Long Blades    | 7 |  7.4
Dodging        | 7 |  7.4
Stealth        | 5 |  5.4

Action                     |  1- 3 |  4- 6 |  7- 9 || total
---------------------------+-------+-------+-------++-------
  Melee: Falchion          |    89 |    66 |       ||   155
         Bite              |     4 |    19 |    18 ||    41
         Punch             |     1 |     6 |     4 ||    11
         Spear             |       |    97 |   220 ||   317
    Use: Potion            |       |       |     3 ||     3
         Scroll            |       |       |     8 ||     8
 Armour: Chain mail        |    59 |   101 |   169 ||   329
         Skin              |       |       |    19 ||    19
  Dodge: Dodged            |    19 |    40 |    76 ||   135

Table legend: (Time is in decaauts)
 A = Elapsed time spent in this place.
 B = Non-inter-level travel time spent in this place.
 C = Inter-level travel time spent in this place.
 D = Time resting spent in this place.
 E = Time spent auto-exploring this place.
 F = Levels seen in this place.
 G = Mean time per level.
                   A        B        C        D        E       F      G
               +--------+--------+--------+--------+--------+-----+--------+
         Total |   5038 |   4814 |    224 |   1254 |   2526 |   6 |  839.7 |
       Dungeon |   5038 |   4814 |    224 |   1254 |   2526 |   6 |  839.7 |
               +--------+--------+--------+--------+--------+-----+--------+

Top non-repeatable levels by time:
     D:4: 1344 daAuts
     D:3: 1110 daAuts
     D:2: 1011 daAuts
     D:5: 968 daAuts
     D:1: 422 daAuts
     D:8: 180 daAuts
